 Dungeon Sprint DCSS version 0.27.1-33-g824d729ab1 (webtiles) character file.

Game seed: 6904393918771816006

28188 manyhoops the Slayer (level 13, -5/237 HPs)
             Began as a Deep Dwarf Berserker on Nov 27, 2021.
             Was a Priest of Trog.
             Killed from afar by Lom Lobon (6 damage)
             ... with a vortex
             ... in the Dungeon (Sprint I: "Red Sonja").
             The game lasted 00:25:38 (3711 turns).

manyhoops the Slayer (Deep Dwarf Berserker)         Turns: 3711, Time: 00:25:39

Health: -5/237     AC: 36    Str: 26    XL:     13   Next: 8%
Magic:  0/10       EV:  6    Int:  3    God:    Trog [***...]
Gold:   2212       SH:  5    Dex: 12    Spells: 21/21 levels left

rFire    + + .     SeeInvis +   n - +4 battleaxe (flame)
rCold    + + +     Faith    .   (shield currently unavailable)
rNeg     . . .     Spirit   .   y - +0 gold dragon scales
rPois    +         Reflect  +   p - +1 helmet {SInv}
rElec    +         Harm     .   D - +0 cloak
rCorr    +         Rampage  .   A - +2 pair of gloves {Stlth+}
Will     +++..     Rnd*Rage +   E - +0 pair of boots Stlth ..........NoTele +
                                k - amulet of reflection
HPRegen  1.00/turn              j - +4 ring of protection
MPRegen  0.12/turn              a - ring "Qaydib" {rC+++ AC+4 Int-5 Stlth+}

@: mighty, berserking (expiring), resistant, strong-willed, flying (expiring),
regenerating, hasted, very quick
A: damage resistance, heal wounds, sense surroundings 2, no regeneration,
berserk 1
a: Heal Wounds, Renounce Religion, Berserk, Trog's Hand


You were in the Dungeon.
You worshipped Trog.
Trog was most pleased with you.
You visited 1 branch You collected 5110 gold pieces.
You spent 2898 gold pieces at shops.

Inventory:

Hand Weapons
 n - a +4 battleaxe of flaming (weapon)
 x - a +5 executioner's axe
Armour
 p - a +1 helmet of see invisible (worn)
 y - +0 gold dragon scales (worn)
 A - a +2 pair of gloves of stealth (worn)
 D - a +0 cloak (worn)
 E - a +0 pair of boots (worn)
Jewellery
 a - the ring "Qaydib" (right hand) {rC+++ AC+4 Int-5 Stlth+}
   (You found it in the Dungeon)

   [ring of protection]

   AC:        It affects your AC (+4).
   Int:       It affects your intelligence (-5).
   rC:        It renders you almost immune to cold.
   Stlth:     It makes you more stealthy.
 j - a +4 ring of protection (left hand)
 k - an amulet of reflection (around neck)
 o - the ring "Fuhow" {rF+ rN+}
   (You took it off a deep elf annihilator in the Dungeon)

   [ring of positive energy]

   rF:        It protects you from fire.
   rN:        It protects you from negative energy.
 q - a ring of protection from cold
 r - a ring of positive energy
Wands
 u - a wand of polymorph (14)
Scrolls
 h - 2 scrolls of silence
 i - a scroll of holy word
 l - a scroll of blinking
 w - 3 scrolls of amnesia
 F - a scroll of immolation
Potions
 b - a potion of cancellation
 c - 2 potions of brilliance
 d - 4 potions of heal wounds
 f - 2 potions of magic
 g - a potion of berserk rage
 m - a potion of degeneration {unknown}
 t - a potion of might
 z - 4 potions of curing
 C - 2 potions of invisibility


   Skills:
 + Level 21.7 Fighting
 - Level 19.8 Axes
 - Level 12.6 Armour
 - Level 2.1 Dodging
 - Level 8.4 Stealth
 - Level 4.6 Spellcasting


You had 21 spell levels left.
You didn't know any spells.
Your spell library was empty.

Dungeon Overview and Level Annotations

Branches:
Dungeon (1/1)

Altars:
Cheibriados
Dithmenos
Elyvilon
Fedhas
Gozag
Hepliaklqana
Kikubaaqudgha
Makhleb
Nemelex Xobeh
Okawaru
Qazlal
Ru
Sif Muna
Trog
Uskayaw
Vehumet
Wu Jian
Xom
Yredelemnul
Zin
The Shining One
Jiyva
Lugonu

Shops:
D **[*[[*[*((![==*([=[((

Annotations:
D Lom Lobon, Tiamat


Innate Abilities, Weirdness & Mutations

You are resistant to damage.
You can heal yourself by infusing magical energy.
You passively map the area around you.
You do not regenerate.
You tend to lose your temper in combat.


Message History

Unknown command.
You closely miss Lom Lobon.
Lom Lobon is heavily wounded.
You are engulfed in whirling frost.
* * * LOW HITPOINT WARNING * * *
Lom Lobon hits you.
* * * LOW HITPOINT WARNING * * *
You feel your power leaking away.
You slice Lom Lobon!! You burn Lom Lobon.
Lom Lobon is heavily wounded.
You are engulfed in whirling frost.
Unknown command.
You miss Lom Lobon.
Lom Lobon is heavily wounded.
You are engulfed in whirling frost.
* * * LOW HITPOINT WARNING * * *
Lom Lobon gestures. 3 ball lightnings come into view.
Unknown command.
You closely miss Lom Lobon.
Lom Lobon is heavily wounded.
You slice the ball lightning!! You slash the ball lightning!
The ball lightning explodes!
The blast of lightning engulfs you! You resist.
* * * LOW HITPOINT WARNING * * *
The blast of lightning engulfs the ball lightning.
The ball lightning completely resists.
The blast of lightning engulfs Lom Lobon.
Lom Lobon completely resists.
You are engulfed in whirling frost.
The ice encasing you melts away.
The ball lightning explodes!
The blast of lightning engulfs Lom Lobon.
Lom Lobon completely resists.
The blast of lightning engulfs you! You resist.
* * * LOW HITPOINT WARNING * * *
The blast of lightning engulfs the ball lightning.
The ball lightning completely resists.
You slash Lom Lobon!
Lom Lobon is severely wounded.
You are engulfed in whirling frost.
You die...

#################################
#§§.§§§§§.§.'..#^^+§§..#[||......
#.####§§§§§##..)^○#§.§§##:)......
#§#.###§§.#######)#§§.§§#####....
§.#'#$###'#,?:##§☼#§§§§§#...#....
###^.$#y#.##$$$#☼§##.§§§#(∩[#....
..#..$###.§###$#○§§###§##...#)...
.^+°.$$$##.#A#$#@§§§§#§####§#....
.^#^....#..###$#&§§§##§#..§.##...
..###++##.##..$#§*§##§§§§§§..##○○
.##*,,**#).#+###☼§§#§§§§.§§...#..
.#***,,*##...#§§☼§##...^§.§§..##○
'#,,*,,*,###.#.§§§#......§.§...#|
)#,,,,,,,,,#.###§§#...§.§......#.
##,,,,,,,,,#.#.'..##...^..§..^##°
,+,,,,,,####)#.##+##..........#.°


You could see Lom Lobon (vortex) and a ball lightning.

Vanquished Creatures
  A golden dragon (D)
  4 fire giants (D)
  A lorocyproca (D)
  A deep elf annihilator (D)
  A mummy priest (D)
  A hydra (D)
  2 centaur warriors (D)
  A deep troll (D)
  A lindwurm (D)
  2 oklob plants (D)
  A shining eye (D)
  2 merfolk sirens (D)
  A gargoyle (D)
  7 unseen horrors (D)
  2 kobold demonologists (D)
  4 demonic crawlers (D)
  A hellwing (D)
  5 hornets (D)
  A slime creature (D)
  Sigmund (D)
  2 redbacks (D)
  A yak (D)
  13 hogs (D)
  5 floating eyes (D)
  7 necrophages (D)
  An ogre (D)
  8 jellies (D)
  Ijyb (D)
  A ball lightning (D)
79 creatures vanquished.

Vanquished Creatures (collateral kills)
  the Lernaean hydra (D)
  A shadow dragon (D)
  Sonja (D)
  7 shining eyes (D)
  2 floating eyes (D)
12 creatures vanquished.

Vanquished Creatures (others)
  A gargoyle (D)
  7 ball lightnings (D)
  2 ballistomycete spores (D)
10 creatures vanquished.

Grand Total: 101 creatures vanquished

Notes
Turn   | Place    | Note
-------+----------+-------------------------------------------
     0 | D        | manyhoops the Deep Dwarf Berserker began the quest for the
                  | Orb.
     0 | D        | Reached XP level 1. HP: 20/20 MP: 1/1
     1 | D        | Noticed Ijyb
     9 | D        | Killed Ijyb
    10 | D        | Reached XP level 2. HP: 27/27 MP: 2/2
    62 | D        | Noticed an ogre
    66 | D        | Killed an ogre
    67 | D        | Reached skill level 10 in Axes
    67 | D        | Reached XP level 3. HP: 27/33 MP: 3/3
    67 | D        | Reached XP level 4. HP: 33/40 MP: 4/4
   134 | D        | Killed a gargoyle
   207 | D        | Noticed Sigmund
   216 | D        | Killed Sigmund
   216 | D        | Reached ** piety under Trog
   217 | D        | Reached XP level 5. HP: 18/46 MP: 5/5
   272 | D        | Found an ornate altar of the Wu Jian Council.
   272 | D        | Found a shimmering blue altar of Sif Muna.
   274 | D        | Found a radiant altar of Vehumet.
   278 | D        | Reached XP level 6. HP: 55/55 MP: 6/6
   313 | D        | Found Enustretu's Assorted Antiques.
   313 | D        | Found an ancient bone altar of Kikubaaqudgha.
   313 | D        | Found a hazy altar of Hepliaklqana.
   313 | D        | Found a stormy altar of Qazlal.
   313 | D        | Found a hide-covered altar of Uskayaw.
   313 | D        | Found a blossoming altar of Fedhas.
   313 | D        | Found a bloodstained altar of Trog.
   313 | D        | Found an iron altar of Okawaru.
   313 | D        | Found a basalt altar of Yredelemnul.
   313 | D        | Found a glowing golden altar of the Shining One.
   313 | D        | Found a snail-covered altar of Cheibriados.
   313 | D        | Found a sacrificial altar of Ru.
   313 | D        | Found a glowing silver altar of Zin.
   313 | D        | Found a shadowy altar of Dithmenos.
   313 | D        | Found a white marble altar of Elyvilon.
   313 | D        | Noticed a yak
   327 | D        | Killed a yak
   328 | D        | Found an opulent altar of Gozag.
   329 | D        | Found a sparkling altar of Nemelex Xobeh.
   333 | D        | Bought a pair of glowing gloves for 172 gold pieces
   573 | D        | Found a burning altar of Makhleb.
   573 | D        | Found a viscous altar of Jiyva.
   573 | D        | Found a shimmering altar of Xom.
   573 | D        | Found a corrupted altar of Lugonu.
   573 | D        | Noticed a slime creature
   584 | D        | Killed a slime creature
   585 | D        | Reached skill level 10 in Armour
   585 | D        | Reached XP level 7. HP: 45/61 MP: 7/7
   729 | D        | Noticed a kobold demonologist
   730 | D        | Noticed a kobold demonologist
   733 | D        | Reached *** piety under Trog
   734 | D        | Reached skill level 5 in Fighting
   735 | D        | Killed a kobold demonologist
   736 | D        | Reached skill level 7 in Fighting
   745 | D        | Killed a kobold demonologist
   745 | D        | Reached **** piety under Trog
   746 | D        | Reached skill level 9 in Fighting
   746 | D        | Reached XP level 8. HP: 85/85 MP: 7/7
   754 | D        | Noticed a demonic crawler
   754 | D        | Noticed a demonic crawler
   754 | D        | Noticed a demonic crawler
   754 | D        | Noticed a demonic crawler
   895 | D        | Noticed a centaur warrior
   899 | D        | Noticed a centaur warrior
   935 | D        | Killed a centaur warrior
   936 | D        | Reached skill level 11 in Fighting
   940 | D        | Killed a centaur warrior
   941 | D        | Reached skill level 13 in Fighting
   941 | D        | Gained mutation: You passively map the area around you.
                  | [Deep Dwarf growth]
   941 | D        | Reached XP level 9. HP: 102/102 MP: 8/8
   995 | D        | Paralysed by a hornet for 3 turns
  1052 | D        | Noticed an oklob plant
  1064 | D        | Killed an oklob plant
  1065 | D        | Reached skill level 14 in Fighting
  1340 | D        | Noticed a deep troll
  1351 | D        | Killed a deep troll
  1351 | D        | Reached ***** piety under Trog
  1382 | D        | Found Niekkim's Armour Emporium.
  1565 | D        | Reached XP level 10. HP: 35/114 MP: 8/8
  1675 | D        | Reached ****** piety under Trog
  1677 | D        | Received a gift from Trog
  1730 | D        | Received a gift from Trog
  1764 | D        | Found Vadwim's Antique Armour Shoppe.
  1764 | D        | Found Uguop's General Store.
  1764 | D        | Found Xyfaukh's Assorted Antiques.
  1766 | D        | Found Acyck's Antique Weapon Emporium.
  1766 | D        | Found Lich's Weapon Shop.
  1766 | D        | Found Giuts's Distillery.
  1766 | D        | Found Jeyros's Antique Armour Boutique.
  1766 | D        | Found Qualup's Jewellery Emporium.
  1766 | D        | Found Zuaxus's Jewellery Shop.
  1766 | D        | Found Ixim's Assorted Antiques.
  1770 | D        | Found Aprywito's Antique Weapon Boutique.
  1771 | D        | Found Zalot's Jewellery Emporium.
  1771 | D        | Found Hoodgh's Armour Boutique.
  1775 | D        | Bought a glowing scarf for 184 gold pieces
  1775 | D        | Bought a glowing helmet for 172 gold pieces
  1790 | D        | Bought a masterwork hand axe for 136 gold pieces
  1790 | D        | Identified the +5 hand axe of the New World {drain, rPois
                  | Int-3 Dex+3} (You bought it in a shop in the Dungeon)
  1792 | D        | Found Neaw's Antique Weapon Emporium.
  1793 | D        | Bought a potion of heal wounds for 60 gold pieces
  1793 | D        | Bought a potion of heal wounds for 60 gold pieces
  1793 | D        | Bought a potion of haste for 120 gold pieces
  1803 | D        | Bought a scroll of blinking for 120 gold pieces
  1803 | D        | Bought a blackened agate ring for 80 gold pieces
  1803 | D        | Bought a notched moonstone ring for 80 gold pieces
  1816 | D        | Bought a notched pearl ring for 125 gold pieces
  1861 | D        | Noticed Sonja
  1865 | D        | Killed Sonja
  1866 | D        | Reached skill level 15 in Axes
  1889 | D        | Found Joisocebb's Assorted Antiques.
  1897 | D        | Bought a scroll labelled JITWOIQADAEF for 23 gold pieces
  1897 | D        | Bought a cyan potion for 20 gold pieces
  1897 | D        | Bought a scroll labelled GAPAYMM FOWEQ for 23 gold pieces
  1897 | D        | Bought a lumpy blue potion for 20 gold pieces
  1982 | D        | Noticed a gargoyle
  1989 | D        | Killed a gargoyle
  2165 | D        | Noticed a lindwurm
  2173 | D        | Killed a lindwurm
  2198 | D        | Reached XP level 11. HP: 85/121 MP: 13/13
  2205 | D        | Reached skill level 15 in Fighting
  2207 | D        | Received a gift from Trog
  2243 | D        | Noticed a 12-headed hydra
  2248 | D        | Killed an eight-headed hydra
  2249 | D        | Reached skill level 16 in Fighting
  2250 | D        | Paralysed by a floating eye for 2 turns
  2310 | D        | Noticed a daeva
  2320 | D        | Received a gift from Trog
  2321 | D        | Reached skill level 17 in Fighting
  2359 | D        | Noticed a deep elf annihilator
  2371 | D        | Received a gift from Trog
  2436 | D        | Noticed a shadow dragon
  2456 | D        | Killed a shadow dragon
  2457 | D        | Reached skill level 18 in Fighting
  2457 | D        | Noticed a golden dragon
  2464 | D        | Killed a golden dragon
  2465 | D        | Reached skill level 19 in Fighting
  2482 | D        | Identified the ring "Qaydib" {rC+++ AC+4 Int-5 Stlth+}
  2541 | D        | Found Jigriona's Antique Weapon Shoppe.
  2583 | D        | Identified the ring "Fuhow" {rF+ rN+}
  2612 | D        | Noticed a fire giant
  2623 | D        | Noticed a fire giant
  2631 | D        | Killed a fire giant
  2632 | D        | Reached XP level 12. HP: 142/142 MP: 13/13
  2636 | D        | Killed a fire giant
  2636 | D        | Received a gift from Trog
  2668 | D        | Noticed a fire giant
  2670 | D        | Noticed a fire giant
  2680 | D        | Killed a fire giant
  2683 | D        | Killed a fire giant
  2700 | D        | Found the +4 dragonskin cloak
  2700 | D        | Noticed Tiamat
  2851 | D        | Bought a pair of embroidered gloves for 172 gold pieces
  2928 | D        | Bought an amulet of reflection for 300 gold pieces
  2941 | D        | Bought a potion of curing for 36 gold pieces
  2941 | D        | Bought a potion of flight for 36 gold pieces
  2941 | D        | Bought 2 potions of invisibility for 192 gold pieces
  2946 | D        | Bought a cloak for 85 gold pieces
  2962 | D        | Bought a pink potion for 22 gold pieces
  2962 | D        | Bought a scroll labelled UBRAHAUQEET for 25 gold pieces
  2962 | D        | Bought a scroll of identify for 50 gold pieces
  2964 | D        | Bought a pair of boots for 103 gold pieces
  3012 | D        | Bought a scroll of blinking for 172 gold pieces
  3012 | D        | Bought a scroll labelled JOUFFU FAENIRU for 23 gold pieces
  3012 | D        | Bought 3 scrolls of identify for 138 gold pieces
  3036 | D        | Gained mutation: You tend to lose your temper in combat. [a
                  | shining eye]
  3037 | D        | Received a gift from Trog
  3064 | D        | Found Fesh's General Store.
  3064 | D        | Found Juutte's Antique Armour Shop.
  3064 | D        | Found Sonn's Armour Emporium.
  3064 | D        | Found Alaaghys's Antique Armour Boutique.
  3087 | D        | Bought a potion of might for 52 gold pieces
  3087 | D        | Bought a scroll of enchant weapon for 97 gold pieces
  3156 | D        | Noticed a lorocyproca
  3177 | D        | Killed a lorocyproca
  3178 | D        | Reached skill level 20 in Fighting
  3235 | D        | Killed a deep elf annihilator
  3294 | D        | Identified the +11 rapier of Lacertilian's Doom {vorpal,
                  | rN+} (Trog gifted it to you in the Dungeon)
  3294 | D        | Received a gift from Trog
  3345 | D        | Noticed a mummy priest
  3354 | D        | Killed a mummy priest
  3355 | D        | Reached skill level 21 in Fighting
  3423 | D        | Noticed the 27-headed Lernaean hydra
  3430 | D        | Killed the 26-headed Lernaean hydra
  3431 | D        | Reached XP level 13. HP: 158/158 MP: 10/10
  3519 | D        | Identified the +10 rapier "Ymat" {vorpal, rF+ Str-2 Dex+4}
  3522 | D        | Identified the +1 leather armour "Kihil" {-Tele Harm rPois
                  | MP-9}
  3623 | D        | Noticed a deep elf master archer
  3677 | D        | Noticed Lom Lobon
  3710 | D        | HP: 8/237 [spore (10)]
  3710 | D        | HP: 1/237 [spore (8)]
  3711 | D        | Killed from afar by Lom Lobon

Illustrated notes

Levels and vault maps discovered:
D:        dungeon_sprint_1 [red_sonja_temple_1, red_sonja_temple_small_1]

Skill      XL: |  1  2  3  4  5  6  7  8  9 10 11 12 |
---------------+-------------------------------------+-----
Axes           | 7 10 13 16 17 19 | 19.8
Armour         | 10 12 | 12.6
Fighting       | 9 13 14 19 21 | 21.7
Stealth        | 8 |  8.4
Spellcasting   | 4 |  4.6
Dodging        | |  2.1

Action                   |  1- 3 |  4- 6 |  7- 9 | 10-12 | 13-15 || total
-------------------------+-------+-------+-------+-------+-------++-------
Melee: Hand axe          |    10 |    31 |    66 |    49 |       ||   156
       Battleaxe         |       |       |       |   169 |    17 ||   186
       Broad axe         |       |       |       |    16 |       ||    16
Invok: Berserk           |     2 |     4 |     6 |    12 |     1 ||    25
       Trog's Hand       |       |       |     1 |     1 |     1 ||     3
       Brothers in Arms  |       |       |       |    12 |     2 ||    14
 Abil: Heal Wounds       |       |     1 |     3 |    24 |       ||    28
  Use: Scroll            |       |       |     1 |    11 |     1 ||    13
       Potion            |       |       |       |     3 |     3 ||     6
 Stab: Sleeping          |       |       |     1 |     1 |       ||     2
Armor: Ring mail         |       |     2 |    35 |       |       ||    37
       Scale mail        |       |       |     6 |    22 |       ||    28
       Plate armour      |       |       |       |   159 |       ||   159
       Gold dragon scale |       |       |       |    80 |     7 ||    87
Dodge: Dodged            |     1 |     5 |    19 |    92 |       ||   117
Block: Other             |       |       |       |     6 |       ||     6
